TOP OF THE 1ST |
Detroit Red Wings batting - Pitching for Columbus Reds : RHP Mike Stabb
|
Pitching: RHP Mike Stabb
|
|
Batting: RHB Alex Duarte
|
0-0: Foul Ball, location: 2F 0-1: Foul Ball, location: 2F 0-2: Ball 1-2: Strikes out looking
|
Batting: RHB Carlos Avila
|
0-0: Foul Ball, location: 2F 0-1: Foul Ball, location: 2F 0-2: Ball 1-2: Foul Ball, location: 2F 1-2: Ball 2-2: Foul Ball, location: 2F 2-2: Strikes out looking
|
Batting: RHB John Barton
|
0-0: Foul Ball, location: 2F 0-1: Swinging Strike 0-2: Strikes out swinging
|
Top of the 1st over - 0 runs, 0 hits, 0 errors, 0 left on base; Detroit 0 - Columbus 0 |
BOTTOM OF THE 1ST |
Columbus Reds batting - Pitching for Detroit Red Wings : RHP Chris Wilkerson
|
Pitching: RHP Chris Wilkerson
|
|
Batting: RHB Ernie Maldonado
|
0-0: Called Strike 0-1: Called Strike 0-2: Ball 1-2: Ball 2-2: Strikes out swinging
|
Batting: SHB Cesar Pelayo
|
0-0: Ball 1-0: Ball 2-0: Ball 3-0: Base on Balls
|
Batting: RHB Randy Grewe
|
0-0: Ball 1-0: Foul Ball, location: 2F 1-1: Ball 2-1: Foul Ball, location: 2F 2-2: Ball 3-2: Grounds into double play, 6-4-3 (Groundball, 6M, EV 107.5 MPH)
|
Bottom of the 1st over - 0 runs, 0 hits, 0 errors, 0 left on base; Detroit 0 - Columbus 0 |
TOP OF THE 2ND |
Detroit Red Wings batting - Pitching for Columbus Reds : RHP Mike Stabb
|
Batting: RHB Jorge Lebron
|
0-0: Called Strike 0-1: Ball 1-1: Ground out 5-3 (Groundball, 56S, EV 77.5 MPH)
|
Batting: SHB Isaiah Bias
|
0-0: Ball 1-0: Ball 2-0: SINGLE (Groundball, 6D, EV 96.9 MPH)
|
Batting: RHB António Scarlett
|
0-0: Ball 1-0: Foul Ball, location: 2F 1-1: Swinging Strike 1-2: Foul Ball, location: 2F 1-2: Strikes out swinging
|
Batting: LHB Simon Barry
|
0-0: Called Strike 0-1: Ball 1-1: Ground out 4-3 (Groundball, 34, EV 84.4 MPH)
|
Top of the 2nd over - 0 runs, 1 hit, 0 errors, 1 left on base; Detroit 0 - Columbus 0 |
BOTTOM OF THE 2ND |
Columbus Reds batting - Pitching for Detroit Red Wings : RHP Chris Wilkerson
|
Batting: RHB Kevin Larner
|
0-0: Ball 1-0: Ball 2-0: Ball 3-0: Base on Balls
|
Batting: LHB Jose Cruz
|
0-0: Ball 1-0: Called Strike 1-1: DOUBLE (Line Drive, 9LD, EV 103.8 MPH) Kevin Larner to third
|
Batting: RHB Ruben Cantu
|
0-0: Foul Ball, location: 2F 0-1: Foul Ball, location: 2F 0-2: Ball 1-2: Ball 2-2: Ball 3-2: Strikes out swinging
|
Batting: LHB Mike Becerra
|
0-0: Ball 1-0: Fly out, F7 (Flyball, 7, EV 82.5 MPH)
|
Batting: RHB Oscar Chapa
|
0-0: Swinging Strike 0-1: 3-RUN HOME RUN (Flyball, 89XD, EV 106.2 MPH) (Inside the Park)
|
Batting: RHB Cornholdo Schwerin
|
0-0: Swinging Strike 0-1: Ball 1-1: Swinging Strike 1-2: Strikes out looking
|
Bottom of the 2nd over - 3 runs, 2 hits, 0 errors, 0 left on base; Detroit 0 - Columbus 3 |
TOP OF THE 3RD |
Detroit Red Wings batting - Pitching for Columbus Reds : RHP Mike Stabb
|
Batting: RHB Yankel Pensak
|
0-0: Foul Ball, location: 2F 0-1: Swinging Strike 0-2: Foul Ball, location: 2F 0-2: Ball 1-2: Ball 2-2: Strikes out swinging
|
Batting: LHB Duda Pinho
|
0-0: Ball 1-0: Swinging Strike 1-1: Ball 2-1: Fly out, F9 (Flyball, 89M, EV 86.9 MPH)
|
Batting: RHB Alex Duarte
|
0-0: Foul Ball, location: 2F 0-1: Ball 1-1: Ground out 1-3 (Groundball, P, EV 65.0 MPH)
|
Top of the 3rd over - 0 runs, 0 hits, 0 errors, 0 left on base; Detroit 0 - Columbus 3 |
BOTTOM OF THE 3RD |
Columbus Reds batting - Pitching for Detroit Red Wings : RHP Chris Wilkerson
|
Batting: RHB Ernie Maldonado
|
0-0: Fly out, F8 (Flyball, 8LD, EV 102.5 MPH)
|
Batting: SHB Cesar Pelayo
|
0-0: Ball 1-0: Foul Ball, location: 2F 1-1: Ball 2-1: Ball 3-1: Foul Ball, location: 2F 3-2: Foul Ball, location: 2F 3-2: Base on Balls
|
Batting: RHB Randy Grewe
|
0-0: Ball 1-0: Called Strike 1-1: Swinging Strike 1-2: Foul Ball, location: 2F 1-2: Ball 2-2: Foul Ball, location: 2F 2-2: Foul Ball, location: 2F 2-2: Ball 3-2: Foul Ball, location: 2F 3-2: Base on Balls Cesar Pelayo to second
|
Batting: RHB Kevin Larner
|
0-0: Foul Ball, location: 2F 0-1: Ball 1-1: Fielders Choice at 2nd, 5-4 (Groundball, 56, EV 91.9 MPH) Cesar Pelayo to third
|
Batting: LHB Jose Cruz
|
0-0: Swinging Strike 0-1: Foul Ball, location: 2F 0-2: Fielders Choice at 2nd, 4-6 (Groundball, 4MD, EV 91.2 MPH)
|
Bottom of the 3rd over - 0 runs, 0 hits, 0 errors, 2 left on base; Detroit 0 - Columbus 3 |
TOP OF THE 4TH |
Detroit Red Wings batting - Pitching for Columbus Reds : RHP Mike Stabb
|
Batting: RHB Carlos Avila
|
0-0: Ball 1-0: Foul Ball, location: 2F 1-1: Called Strike 1-2: Strikes out swinging
|
Batting: RHB John Barton
|
0-0: Ball 1-0: Called Strike 1-1: Ball 2-1: Ball 3-1: DOUBLE (Groundball, 5L, EV 105.0 MPH)
|
Batting: RHB Jorge Lebron
|
0-0: Ball 1-0: Foul Ball, location: 2F 1-1: Foul Ball, location: 2F 1-2: Ball 2-2: Ground out 5-3 (Groundball, 56S, EV 88.1 MPH)
|
Batting: SHB Isaiah Bias
|
0-0: Ball 1-0: Foul Ball, location: 2F 1-1: Swinging Strike 1-2: Ball 2-2: Strikes out swinging
|
Top of the 4th over - 0 runs, 1 hit, 0 errors, 1 left on base; Detroit 0 - Columbus 3 |
BOTTOM OF THE 4TH |
Columbus Reds batting - Pitching for Detroit Red Wings : RHP Chris Wilkerson
|
Batting: RHB Ruben Cantu
|
0-0: Ball 1-0: Foul Ball, location: 2F 1-1: Foul Ball, location: 2F 1-2: Ball 2-2: Strikes out swinging
|
Batting: LHB Mike Becerra
|
0-0: Foul Ball, location: 2F 0-1: Called Strike 0-2: Strikes out looking
|
Batting: RHB Oscar Chapa
|
0-0: Called Strike 0-1: Ball 1-1: Ball 2-1: Swinging Strike 2-2: Strikes out swinging
|
Bottom of the 4th over - 0 runs, 0 hits, 0 errors, 0 left on base; Detroit 0 - Columbus 3 |
TOP OF THE 5TH |
Detroit Red Wings batting - Pitching for Columbus Reds : RHP Mike Stabb
|
Batting: RHB António Scarlett
|
0-0: Called Strike 0-1: Swinging Strike 0-2: Ball 1-2: Ground out 5-3 (Groundball, 56, EV 84.4 MPH)
|
Batting: LHB Simon Barry
|
0-0: Foul Ball, location: 2F 0-1: SINGLE (Groundball, 6M, EV 98.1 MPH)
|
Batting: RHB Yankel Pensak
|
0-0: Ball 1-0: Foul Ball, location: 2F 1-1: Foul Ball, location: 2F 1-2: Ball 2-2: Ball 3-2: Base on Balls Simon Barry to second
|
Batting: LHB Duda Pinho
|
0-0: Fielders Choice at 2nd, 4-6 (Groundball, 34, EV 90.0 MPH) Simon Barry to third
|
Batting: RHB Alex Duarte
|
0-0: Called Strike 0-1: Swinging Strike 0-2: Ball 1-2: Strikes out looking
|
Top of the 5th over - 0 runs, 1 hit, 0 errors, 2 left on base; Detroit 0 - Columbus 3 |
BOTTOM OF THE 5TH |
Columbus Reds batting - Pitching for Detroit Red Wings : RHP Chris Wilkerson
|
Batting: RHB Cornholdo Schwerin
|
0-0: Called Strike 0-1: Swinging Strike 0-2: Strikes out swinging
|
Batting: RHB Ernie Maldonado
|
0-0: Ball 1-0: Foul Ball, location: 2F 1-1: Ball 2-1: SINGLE (Line Drive, 4D, EV 110.0 MPH)
|
Batting: SHB Cesar Pelayo
|
0-0: Ball 1-0: Ball 2-0: Ball 3-0: Called Strike 3-1: Fly out, F8 (Flyball, 78D, EV 91.9 MPH)
|
Batting: RHB Randy Grewe
|
0-0: Called Strike 0-1: Ball 1-1: Ball Pickoff Throw to First - Out! 1-3 CS
|
Bottom of the 5th over - 0 runs, 1 hit, 0 errors, 0 left on base; Detroit 0 - Columbus 3 |
TOP OF THE 6TH |
Detroit Red Wings batting - Pitching for Columbus Reds : RHP Mike Stabb
|
Batting: RHB Carlos Avila
|
0-0: Ball 1-0: Ball 2-0: Ball 3-0: Swinging Strike 3-1: Foul Ball, location: 2F 3-2: Foul Ball, location: 2F 3-2: Fly out, F9 (Flyball, 9D, EV 86.2 MPH)
|
Batting: RHB John Barton
|
0-0: Foul Ball, location: 2F 0-1: Ball 1-1: Ball 2-1: Foul Ball, location: 2F 2-2: Fly out, F9 (Flyball, 9, EV 98.1 MPH)
|
Batting: RHB Jorge Lebron
|
0-0: Fly out, F7 (Line Drive, 78M, EV 90.0 MPH)
|
Top of the 6th over - 0 runs, 0 hits, 0 errors, 0 left on base; Detroit 0 - Columbus 3 |
BOTTOM OF THE 6TH |
Columbus Reds batting - Pitching for Detroit Red Wings : RHP Chris Wilkerson
|
Batting: RHB Randy Grewe
|
0-0: Ball 1-0: Ground out 1-3 (Groundball, P, EV 70.6 MPH)
|
Batting: RHB Kevin Larner
|
0-0: Ball 1-0: Foul Ball, location: 2F 1-1: SINGLE (Line Drive, 3D, EV 105.0 MPH)
|
Batting: LHB Jose Cruz
|
0-0: Ball 1-0: Called Strike 1-1: Ball 2-1: Ball 3-1: Fly out, F8 (Flyball, 8LM, EV 90.0 MPH)
|
Batting: RHB Ruben Cantu
|
0-0: Called Strike 0-1: Ball 1-1: Foul Ball, location: 2F 1-2: Ball 2-2: Foul Ball, location: 2F 2-2: Ball Wild Pitch! Kevin Larner to second 3-2: SINGLE (Line Drive, 9LS, EV 100.0 MPH) Kevin Larner to third
|
Pitching: LHP Estêvão Cavadas
|
|
Batting: LHB Mike Becerra
|
0-0: Ball 1-0: Called Strike 1-1: Swinging Strike 1-2: Ball 2-2: Strikes out swinging
|
Bottom of the 6th over - 0 runs, 2 hits, 0 errors, 2 left on base; Detroit 0 - Columbus 3 |
TOP OF THE 7TH |
Detroit Red Wings batting - Pitching for Columbus Reds : RHP Mike Stabb
|
Pitching: RHP Aaron McArdle
|
|
Batting: SHB Isaiah Bias
|
0-0: Ball 1-0: Fly out, F8 (Flyball, 78XD, EV 103.1 MPH)
|
Batting: RHB António Scarlett
|
0-0: Swinging Strike 0-1: Ball 1-1: Swinging Strike 1-2: SINGLE (Line Drive, 4MD, EV 99.4 MPH)
|
Batting: LHB Simon Barry
|
0-0: Ball 1-0: Foul Ball, location: 2F 1-1: Ball 2-1: Called Strike 2-2: Foul Ball, location: 2F 2-2: Strikes out looking
|
Batting: RHB Yankel Pensak
|
0-0: Ball 1-0: Ball 2-0: DOUBLE (Line Drive, 9LM, EV 101.9 MPH) António Scarlett to third Runner from 3rd tries for Home, SAFE, no throw by RF
|
Batting: LHB Duda Pinho
|
0-0: Foul Ball, location: 2F 0-1: Ball Wild Pitch! Yankel Pensak to third 1-1: Ball 2-1: Ball 3-1: Called Strike 3-2: Base on Balls
|
Pinch Hitting: LHB Iestyn Peacock
|
0-0: Ball 1-0: Foul Ball, location: 2F 1-1: Swinging Strike 1-2: Foul Ball, location: 2F 1-2: Ball 2-2: Ball 3-2: Foul Ball, location: 2F 3-2: Base on Balls Duda Pinho to second
|
Pitching: RHP Guang Jue
|
|
Batting: RHB Carlos Avila
|
0-0: Called Strike 0-1: Called Strike 0-2: Ball 1-2: Ball 2-2: Ground out U3 (Groundball, 3, EV 110.0 MPH)
|
Top of the 7th over - 1 run, 2 hits, 0 errors, 3 left on base; Detroit 1 - Columbus 3 |
BOTTOM OF THE 7TH |
Columbus Reds batting - Pitching for Detroit Red Wings : LHP Estêvão Cavadas
|
Now at 2B: Yankel Pensak
|
|
Now at 3B: Dustin Bursell
|
|
Now at SS: Carlos Avila
|
|
Batting: RHB Oscar Chapa
|
0-0: Ball 1-0: Ball 2-0: Foul Ball, location: 2F 2-1: Reached on error, E5 (Groundball, 56S, EV 81.2 MPH)
|
Batting: RHB Cornholdo Schwerin
|
0-0: Called Strike 0-1: Ball 1-1: Ground out 4-3 (Groundball, 6M, EV 104.4 MPH) Oscar Chapa to third
|
Batting: RHB Ernie Maldonado
|
0-0: Intentional Walk
|
Batting: SHB Cesar Pelayo
|
0-0: SINGLE (Flyball, 4MD, EV 96.2 MPH) Oscar Chapa scores Ernie Maldonado to second
|
Batting: RHB Randy Grewe
|
0-0: Swinging Strike 0-1: Ball 1-1: Fly out, F8 (Flyball, 8LXD, EV 85.0 MPH) Runner from 2nd tags up, SAFE at 3rd, no throw by CF
|
Batting: RHB Kevin Larner
|
0-0: SINGLE (Line Drive, 89M, EV 95.6 MPH) Ernie Maldonado scores Cesar Pelayo to second
|
Batting: LHB Jose Cruz
|
0-0: Called Strike 0-1: Ball 1-1: Foul Ball, location: 2F 1-2: Fly out, F7 (Flyball, 7S, EV 92.5 MPH)
|
Bottom of the 7th over - 2 runs, 2 hits, 1 error, 2 left on base; Detroit 1 - Columbus 5 |
TOP OF THE 8TH |
Detroit Red Wings batting - Pitching for Columbus Reds : RHP Guang Jue
|
Batting: RHB John Barton
|
0-0: Foul Ball, location: 2F 0-1: Ground out 6-3 (Groundball, 6, EV 106.9 MPH)
|
Batting: RHB Jorge Lebron
|
0-0: Foul Ball, location: 2F 0-1: Called Strike 0-2: Ball 1-2: Ball 2-2: SINGLE (Groundball, 4D, EV 99.4 MPH)
|
Batting: SHB Isaiah Bias
|
0-0: Ball 1-0: Called Strike 1-1: Called Strike 1-2: Ball 2-2: Foul Ball, location: 2F 2-2: Grounds into double play, 4-6-3 (Groundball, 4M, EV 106.9 MPH)
|
Top of the 8th over - 0 runs, 1 hit, 0 errors, 0 left on base; Detroit 1 - Columbus 5 |
BOTTOM OF THE 8TH |
Columbus Reds batting - Pitching for Detroit Red Wings : LHP Estêvão Cavadas
|
Batting: RHB Ruben Cantu
|
0-0: Foul Ball, location: 2F 0-1: Foul Ball, location: 2F 0-2: Strikes out swinging
|
Pinch Hitting: RHB Alex Juarez
|
0-0: Foul Ball, location: 2F 0-1: Foul Ball, location: 2F 0-2: Strikes out swinging
|
Batting: RHB Oscar Chapa
|
0-0: Called Strike 0-1: Ball 1-1: Fly out, F9 (Flyball, 9LMF, EV 88.8 MPH)
|
Bottom of the 8th over - 0 runs, 0 hits, 0 errors, 0 left on base; Detroit 1 - Columbus 5 |
TOP OF THE 9TH |
Detroit Red Wings batting - Pitching for Columbus Reds : RHP Guang Jue
|
Pitching: RHP Victor Uriegas
|
|
Now in RF: Tim Kirk
|
|
Batting: RHB António Scarlett
|
0-0: Ball 1-0: Called Strike 1-1: Ball 2-1: Fly out, F7 (Flyball, 78M, EV 93.1 MPH)
|
Batting: LHB Simon Barry
|
0-0: Called Strike 0-1: Ball 1-1: Swinging Strike 1-2: Ball 2-2: Strikes out swinging
|
Batting: RHB Yankel Pensak
|
0-0: Ground out 5-3 (Groundball, 56, EV 86.9 MPH)
|
Top of the 9th over - 0 runs, 0 hits, 0 errors, 0 left on base; Detroit 1 - Columbus 5 |
|